 Dungeon Crawl Stone Soup version 0.30-a0-1103-g25895a7845 (webtiles) character file.

Game seed: 8207881497948838812

130 IdlyInterested the Trooper (level 4, -1/55 HPs)
             Began as a Demonspawn Fighter on Apr 18, 2023.
             Slain by an orc wizard
             ... wielding a +0 dagger
              (3 damage)
             ... on level 4 of the Dungeon.
             The game lasted 00:05:50 (3037 turns).

IdlyInterested the Trooper (Demonspawn Fighter)     Turns: 3037, Time: 00:05:50

Health: -1/55      AC: 22    Str: 16    XL:     4   Next: 90%
Magic:  13/13      EV:  2    Int: 10    God:
Gold:   148        SH:  0    Dex: 14    Spells: 3/3 levels left

rFire   . . .      SeeInvis .    (no weapon)
rCold   . . .      Faith    .    c - +0 buckler
rNeg    . . .      Spirit   .    i - melded +0 chain mail
rPois   +          Reflect  .    (helmet currently unavailable)
rElec   .          Rampage  .    (cloak currently unavailable)
rCorr   .          NoTele   +    (gloves currently unavailable)
Will    .....                    (boots currently unavailable)
Stlth   +                        (no amulet)
HPRegen 0.29/turn                u - ring of magical power
MPRegen 0.13/turn                (no ring)

@: confused, mighty, tree-form
A: stationary, stasis, torment immunity, boosted hp, demonic guardian 1, (spiny
1)
a: no special abilities


You were on level 4 of the Dungeon.
You were a tree.
You visited 1 branch of the dungeon, and saw 4 of its levels.

You collected 148 gold pieces.

Inventory:

Hand Weapons
 a - a +0 flail
 q - a +0 mace
 r - a +0 whip
 A - the +3 spear of World's End {vamp, rPois rCorr Str+2 Dex-2}
   (You found it on level 3 of the Dungeon)

   Str:       It affects your strength (+2).
   Dex:       It affects your dexterity (-2).
   rPois:     It protects you from poison.
   rCorr:     It protects you from acid and corrosion.
Missiles
 b - 8 boomerangs
 j - 39 stones
 s - 8 poisoned darts (quivered)
Armour
 c - a +0 buckler (worn)
 i - a +0 chain mail (melded)
 n - a +0 kite shield
Magical Staves
 z - a staff of cold
Jewellery
 u - a ring of magical power (left branch)
Scrolls
 h - 2 scrolls of teleportation {unknown}
 k - 3 scrolls of immolation
 l - a scroll of vulnerability {unknown}
 m - 2 scrolls of noise {unknown}
 o - 2 scrolls of silence {unknown}
 p - 2 scrolls of identify {unknown}
 v - a scroll of magic mapping {unknown}
 y - a scroll of enchant weapon {unknown}
 B - a scroll of fear {unknown}
Potions
 f - a potion of lignification
 g - a potion of brilliance {unknown}
 t - a potion of attraction {unknown}
 w - a potion of heal wounds {unknown}
 x - a potion of curing {unknown}


   Skills:
 + Level 4.2 Fighting
 - Level 1.7 Maces & Flails
 - Level 3.0 Armour
 - Level 3.0 Dodging
 - Level 2.6 Shields


You had 3 spell levels left.
You didn't know any spells.
Your spell library contained the following spells:

 Spells                   Type           Power      Damage    Failure   Level
 Ensorcelled Hibernation  Hex/Ice        0%         N/A       58%         2
 Passwall                 Tmut/Erth      0%         N/A       58%         2
 Swiftness                Air            0%         N/A       83%         3
 Tukima's Dance           Hex            0%         N/A       83%         3
 Passage of Golubria      Tloc           0%         N/A       99%         4
 Yara's Violent Unravell  Hex/Tmut       0%         3d3       100%        5


Dungeon Overview and Level Annotations

Branches:
Dungeon (4/15)
 Temple: D:4-7

Altars:


Innate Abilities, Weirdness & Mutations

You are a tree.
Your roots penetrate the ground, keeping you stationary.
You cannot be teleported.
You are immune to unholy pain and torment.
Your maximum health is greatly increased.
Your equipment is partially melded.
A weak demonic guardian rushes to your aid.
((You are partially covered in sharp spines.))


Message History

Your quasit dies!
Your quasit disappears in a puff of smoke!
The orc closely misses you.
You closely miss the orc.
The orc is severely wounded.
Something hits you.
* * * LOW HITPOINT WARNING * * *
The orc hits you but does no damage. The orc hits you with a +0 club.
* * * LOW HITPOINT WARNING * * *
Unknown command.
It was a potion of lignification.
You turn into a tree.
Your +0 chain mail melds into your body.
Your roots penetrate the ground.
The orc hits you but does no damage. Something hits you.
* * * LOW HITPOINT WARNING * * *
Ijyb zaps a wand.
The bolt of acid misses the orc.
The bolt of acid hits you.
* * * LOW HITPOINT WARNING * * *
The now-empty wand crumbles to dust.
The orc barely misses you.
You are now empty-handed.
The orc hits you but does no damage. You block the orc's attack.
You block something's attack.
You hit the orc.
You kill the orc!
You block the orc's attack. Something hits you but does no damage.
You smack Ijyb!
You kill Ijyb!
The orc hits you but does no damage. Something hits you but does no damage.
Training target 3.0 for Dodging reached!
Your Fighting skill increases to level 4!
Your Dodging skill increases to level 3!
You hit the orc.
The orc is almost dead.
The orc hits you with a +0 club.
* * * LOW HITPOINT WARNING * * *
A demonic guardian appears!
You hear some strange, mumbled words.
You are confused.
It was a potion of flight.
Your roots keep you in place.
You are no longer corroded.
The orc hits you but does no damage. Something hits you.
You die...

#...# .........#...
#...# ...........# #..(#
......o..<..##
#####...##[...(...o#o.##
..................g ..##
..........o........ ....
............o.##.#. .###
#.o)# . #.#. .# # #5{♣#
. .. .# # #...# #. .. .#
#...# ########...#
#......^...#
#.#####..#.#
#..####.###.. #.#..#.##
#.# ###..#..## #..


You could see an orc (ally target) and a friendly white imp (summoned).

Vanquished Creatures
  Ijyb (D:4)
  A gnoll (D:1)
  3 adders
  2 worms (D:2)
  2 dart slugs (D:3)
  4 orcs
  2 ball pythons (D:2)
  7 endoplasms
  2 goblins
  7 hobgoblins
  3 jackals (D:1)
  3 kobolds
  3 quokkas
  4 bats
  4 frilled lizards
  5 rats
53 creatures vanquished.

Vanquished Creatures (collateral kills)
  A worm (D:2)
1 creature vanquished.

Grand Total: 54 creatures vanquished

Notes
Turn   | Place    | Note
-------+----------+-------------------------------------------
     0 | D:1      | IdlyInterested the Demonspawn Fighter began the quest for
                  | the Orb.
     0 | D:1      | Reached XP level 1. HP: 18/18 MP: 1/1
   316 | D:1      | Found a faded altar of an unknown god.
   335 | D:1      | Gained mutation: A weak demonic guardian rushes to your
                  | aid. [demonic ancestry]
   335 | D:1      | Reached XP level 2. HP: 21/24 MP: 2/2
   340 | D:1      | Reached skill level 1 in Dodging
   671 | D:1      | Reached XP level 3. HP: 28/29 MP: 3/3
  1487 | D:2      | Gained mutation: You are partially covered in sharp spines.
                  | [demonic ancestry]
  1487 | D:2      | Reached XP level 4. HP: 14/37 MP: 4/4
  2735 | D:3      | Identified the +3 spear of World's End {vamp, rPois rCorr
                  | Str+2 Dex-2}
  3016 | D:4      | Noticed Ijyb
  3032 | D:4      | HP: 2/55 [Ijyb/bolt of acid (2)]
  3035 | D:4      | Killed Ijyb
  3036 | D:4      | Reached skill level 4 in Fighting
  3037 | D:4      | Slain by an orc wizard

Illustrated notes

Levels and vault maps discovered:
D:1:      amcnicky_arrival_single_pillar, layout_loops_ring,
          hellmonk_ecumenical_altar_blasted, nicolae_titane
D:2:      layout_basic
D:3:      layout_basic, kennysheep_cluttered_room
D:4:      kennysheep_spiral_hall, layout_loops_cross, uniq_natasha,
          uniq_eustachio, uniq_pikel, uniq_ijyb

Skill      XL: |  1  2  3  4 |
---------------+-------------+-----
Armour         | 3 |  3.0
Dodging        | 1 2 3 |  3.0
Fighting       | 4 |  4.2
Maces & Flails | |  1.7
Shields        | |  2.6

Action                     |  1- 3 |  4- 6 || total
---------------------------+-------+-------++-------
  Melee: Flail             |   106 |    37 ||   143
         Unarmed           |       |     3 ||     3
  Throw: Dart              |       |     3 ||     3
         Boomerang         |       |     1 ||     1
    Use: Potion            |       |     3 ||     3
 Armour: Chain mail        |    54 |    16 ||    70
         Scale mail        |     2 |       ||     2
         Skin              |       |     6 ||     6
  Dodge: Dodged            |    34 |    11 ||    45
  Block: Buckler           |    30 |    14 ||    44

Table legend: (Time is in decaauts)
 A = Elapsed time spent in this place.
 B = Non-inter-level travel time spent in this place.
 C = Inter-level travel time spent in this place.
 D = Time resting spent in this place.
 E = Time spent auto-exploring this place.
 F = Levels seen in this place.
 G = Mean time per level.
                   A        B        C        D        E       F      G
               +--------+--------+--------+--------+--------+-----+--------+
         Total |   3089 |   2703 |    386 |    362 |   1748 |   4 |  772.2 |
       Dungeon |   3089 |   2703 |    386 |    362 |   1748 |   4 |  772.2 |
               +--------+--------+--------+--------+--------+-----+--------+

Top non-repeatable levels by time:
     D:3: 1201 daAuts
     D:1: 1015 daAuts
     D:2: 806 daAuts
     D:4: 65 daAuts
